 Dungeon Crawl Stone Soup version 0.32-a0-996-gb3226c233f (webtiles) character file.

Game seed: 11231983355545561204

59 noobster the Shield-Bearer (level 3, 0/36 HPs)
             Began as a Troll Fighter on Apr 22, 2024.
             Slain by an orc wizard
             ... wielding a +0 dagger
              (4 damage)
             ... on level 3 of the Dungeon on Apr 23, 2024.
             The game lasted 00:04:35 (1879 turns).

noobster the Shield-Bearer (Troll Fighter)          Turns: 1879, Time: 00:04:35

Health: 0/36       AC:  4    Str: 26    XL:     3   Next: 78%
Magic:  2/2        EV:  8    Int:  4    God:
Gold:   91         SH:  0    Dex:  9    Spells: 2/2 levels left

rFire   . . .        a - +0 flail
rCold   . . .        c - +0 kite shield
rNeg    . . .        b - +0 robe
rPois   .            (helmet restricted)
rElec   .            (no cloak)
rCorr   .            (gloves unavailable)
SInv    .            (boots unavailable)
Will    .....        (no amulet)
Stlth   +            (no ring)
HPRegen 1.06/turn    (no ring)
MPRegen 0.08/turn

%: no passive effects
@: confused
A: large, unfitting armour, claws 3, regeneration 1, shaggy fur 1, tough skin 1
a: Convert to Beogh


You were on level 3 of the Dungeon.
You visited 1 branch of the dungeon, and saw 3 of its levels.

You collected 91 gold pieces.

Inventory:

Hand Weapons
 a - a +0 flail (weapon)
Armour
 b - a +0 robe (worn)
 c - a +0 kite shield (worn)
Scrolls
 e - a scroll of blinking
 f - a scroll of revelation {unknown}
 h - a scroll of teleportation
Potions
 d - 2 potions of might
 g - 2 potions of mutation {unknown}
 j - a potion of cancellation {unknown}
 k - a potion of degeneration {unknown}
 m - a potion of curing {unknown}
 n - a potion of enlightenment


   Skills:
 + Level 2.7 Fighting
 + Level 2.7 Maces & Flails
 + Level 2.8 Dodging
 + Level 3.1 Shields


You had 2 spell levels left.
You didn't know any spells.
Your spell library contained the following spells:

 Spells                   Type           Power      Damage    Failure   Level
 Tukima's Dance           Hex            0%         N/A       98%         3
 Dimensional Bullseye     Hex/Tloc       0%         N/A       100%        4
 Iskenderun's Mystic Bla Conj/Tloc 0%             2d3        (+2d1     100%        4


Dungeon Overview and Level Annotations

Branches:
Dungeon (3/15)

Altars:


Innate Abilities, Weirdness & Mutations

You are too large for most types of armour.
You have claws for hands.
Your natural rate of healing is unusually fast.
You are covered in fur. (AC +1)
You have tough skin. (AC +1)


Message History

An orc and an orc wizard come into view.
The orc shouts!
The orc wizard shouts!
You hear a shout! x2
An orc priest comes into view. It is wielding a +0 short sword.
The orc moves out of view.
Found a leather armour.
The orc wizard casts a spell.
The orc wizard flickers and vanishes!
Deactivating autopickup; reactivate with Ctrl-A.
The orc priest invokes the aid of Beogh against you.
Beogh smites you! The orc hits you but does no damage.
The orc priest threatens, "Beogh's wrath is as vast as their mercy.
Make your choice!" (press Y on the ability menu to convert to Beogh)
You hit the orc.
The orc is severely wounded.
The orc hits you with a +0 short sword.
The orc priest calls upon Beogh to heal the orc.
You hit the orc.
You kill the orc!
You barely miss something.
The orc priest mumbles some strange prayers to Beogh against you.
Beogh smites you!
An orc comes into view. It is wielding a +0 club.
You hear some strange, mumbled words.
Something tries to affect you, but you resist.
You hear some strange, mumbled words.
A magic dart appears from out of thin air!
The magic dart hits you.
* * * LOW HITPOINT WARNING * * *
You sock something! You block something's attack.
You miss something. Something hits you but does no damage.
You barely miss something.
The orc priest calls down the wrath of Beogh upon you.
Beogh smites you!
* * * LOW HITPOINT WARNING * * *
Something hits you.
* * * LOW HITPOINT WARNING * * *
You hear some strange, mumbled words.
You are confused.
You hit something. Something hits you.
You die...

## ###
#.####.################
#......................
.####.###..################
..................
#####...#########.
#....oo{@.....#
#.#.#######...# # #. ...#
.. ...# ######### ...
......>....... #...
...#.#.##....# +..o ...#[#
#....# #.o. ...# # #....#
#....'


You could see an orc priest and an orc.

Vanquished Creatures
  3 adders
  A ribbon worm (D:2)
  A dart slug (D:2)
  An orc (D:3)
  2 bats (D:1)
  4 endoplasms
  A giant cockroach (D:1)
  4 hobgoblins (D:1)
  2 kobolds
  2 quokkas (D:1)
  A ball python (D:2)
  4 rats
26 creatures vanquished.

Notes
Turn   | Place    | Note
-------+----------+-------------------------------------------
     0 | D:1      | noobster the Troll Fighter began the quest for the Orb.
     0 | D:1      | Reached XP level 1. HP: 22/22 MP: 0/0
   288 | D:1      | Reached XP level 2. HP: 29/29 MP: 1/1
   895 | D:2      | Reached skill level 3 in Shields
  1021 | D:2      | Reached XP level 3. HP: 31/36 MP: 2/2
  1524 | D:2      | Upgraded the game from 0.32-a0-995-gb4a59205af to
                  | 0.32-a0-996-gb3226c233f
  1879 | D:3      | Slain by an orc wizard

Illustrated notes

Levels and vault maps discovered:
D:1:      heliophobic_arrival_glass_houses, layout_loops_corners,
          hangedman_abyss_or_decor_stabs, minmay_misc_feat_nine_boxes,
          minivault_23, kennysheep_decorative_pillar, serial_park_tiny_2,
          serial_bayou_ford_a
D:2:      layout_loops_ring
D:3:      layout_basic, grunt_decor_cap, chequers_serial_rivers_small_b

Skill      XL: |  1  2 |
---------------+-------+-----
Maces & Flails | 2 |  2.7
Shields        | 3 |  3.1
Fighting       | |  2.7
Dodging        | |  2.8

Action                     || total
---------------------------++-------
  Melee: Flail             ||   100
    Use: Scroll            ||     3
         Potion            ||     2
   Stab: Sleeping          ||     1
 Armour: Robe              ||    68
  Dodge: Dodged            ||    27
  Block: Kite shield       ||    38

Table legend: (Time is in decaauts)
 A = Elapsed time spent in this place.
 B = Non-inter-level travel time spent in this place.
 C = Inter-level travel time spent in this place.
 D = Time resting spent in this place.
 E = Time spent auto-exploring this place.
 F = Levels seen in this place.
 G = Mean time per level.
                   A        B        C        D        E       F      G
               +--------+--------+--------+--------+--------+-----+--------+
         Total |   1931 |   1931 |      0 |     60 |   1412 |   3 |  643.7 |
       Dungeon |   1931 |   1931 |      0 |     60 |   1412 |   3 |  643.7 |
               +--------+--------+--------+--------+--------+-----+--------+

Top non-repeatable levels by time:
     D:1: 892 daAuts
     D:2: 722 daAuts
     D:3: 317 daAuts
